 Dungeon Crawl Stone Soup version 0.31-a0-1025-g2e47921a08 (webtiles) character file.

Game seed: 14476433814862098925

847 Crownlay the Spear-Bearer (level 7, 0/57 HPs)
             Began as a Minotaur Monk on Oct 14, 2023.
             Was a Believer of Qazlal.
             Slain by a troll (14 damage)
             ... on level 6 of the Dungeon on Nov 17, 2023.
             The game lasted 00:04:16 (3845 turns).

Crownlay the Spear-Bearer (Minotaur Monk)           Turns: 3845, Time: 00:04:17

Health: 0/57       AC:  2    Str: 15    XL:     7   Next: 68%
Magic:  8/8        EV: 13    Int:  7    God:    Qazlal [**....]
Gold:   216        SH:  3    Dex: 15    Spells: 6/6 levels left

rFire   . . .        u - +4 spear
rCold   . . .        d - orb {light}
rNeg    . . .        b - +0 robe
rPois   .            (helmet restricted)
rElec   .            (no cloak)
rCorr   .            (no gloves)
SInv    .            (no boots)
Will    .....        p - amulet of faith
Stlth   +            (no ring)
HPRegen 0.29/turn    (no ring)
MPRegen 0.11/turn

%: faith
@: glowing
A: horns 2, retaliatory headbutt
a: Renounce Religion, Upheaval


You were on level 6 of the Dungeon.
You worshipped Qazlal.
Qazlal was pleased with you.
You visited 1 branch of the dungeon, and saw 6 of its levels.

You collected 216 gold pieces.

Inventory:

Hand Weapons
 u - a +4 spear (weapon)
Armour
 b - a +0 robe (worn)
 d - an orb of light (worn)
Jewellery
 p - an amulet of faith (around neck)
 v - a ring of wizardry
Wands
 q - a wand of mindburst (15)
Scrolls
 a - 2 scrolls of identify
 e - 2 scrolls of teleportation
 g - a scroll of fear {unknown}
 i - a scroll of amnesia {unknown}
 k - a scroll of enchant weapon {unknown}
 l - a scroll of enchant armour {unknown}
 o - a scroll of vulnerability {unknown}
 s - a scroll of noise {unknown}
 t - a scroll of immolation {unknown}
Potions
 c - a potion of ambrosia
 f - 3 potions of curing
 h - 2 potions of berserk rage {unknown}
 j - a potion of enlightenment {unknown}
 m - a potion of lignification {unknown}
 n - 3 potions of might {unknown}
 r - a potion of haste {unknown}
 w - a potion of attraction {unknown}


   Skills:
 - Level 3.6 Fighting
 * Level 10.2 Polearms
 - Level 3.2 Dodging
 + Level 3.1 Invocations


You had 6 spell levels left.
You didn't know any spells.
Your spell library contained the following spells:

 Spells                   Type           Power      Damage    Failure   Level
 Foxfire                  Conj/Fire      0%         2x1d4     43%         1
 Plasma Beam              Fire/Air       0%         2x1d10    100%        6
 Starburst                Conj/Fire      0%         6d3       100%        6


Dungeon Overview and Level Annotations

Branches:
Dungeon (6/15)
 Temple: D:4-7

Altars:
Qazlal
Ru
Sif Muna
Trog

Shops:
D:4 :


Innate Abilities, Weirdness & Mutations

You have a pair of horns on your head.
You reflexively headbutt those who attack you in melee.


Message History

You puncture the bullfrog!
The bullfrog is heavily wounded.
You barely miss the bullfrog. You headbutt the bullfrog!
The bullfrog is severely wounded.
The bullfrog barely misses you. You furiously retaliate!
You headbutt the bullfrog!
You kill the bullfrog!
Qazlal accepts your kill.
No target in view!
No target in view!
No target in view!
No target in view!
No target in view!
No target in view!
No target in view!
No target in view!
A troll comes into view.
The troll shouts!
A troll is nearby!
A jelly comes into view.
The jelly quivers.
You reach to attack!
You hit the troll but do no damage. You hit the troll.
You headbutt the troll, but do no damage.
The troll is lightly wounded.
The troll closely misses you. You furiously retaliate!
You headbutt the troll. The troll misses you. The troll claws you!
You hit the troll.
The troll is moderately wounded.
You barely miss the troll.
The troll is moderately wounded.
The troll bites you. The troll barely misses you. The troll claws you.
You hit the troll but do no damage. You headbutt the troll!
The troll is heavily wounded.
You hit the troll.
The troll is heavily wounded.
The jelly hits you.
You are splashed with acid!
The troll bites you!
* * * LOW HITPOINT WARNING * * *
The troll misses you. The troll claws you!
You die...

##### ##
##...########
#.###.###........
#....# #.ยง......
##<#.# #@#######
##.....TJ......
#.#####.#######
.. #.# .. #.# #..
#.# #. ... #.#


You could see a troll and a jelly.

Vanquished Creatures
  A black bear (D:5)
  An ogre (D:5)
  2 phantoms (D:5)
  2 bullfrogs
  A scorpion (D:4)
  A hound (D:3)
  5 iguanas
  An orc wizard (D:4)
  4 adders
  A shadow imp (D:5)
  A worm (D:3)
  20 orcs
  5 ball pythons
  9 endoplasms
  5 giant cockroaches
  6 goblins
  6 hobgoblins
  3 jackals (D:3)
  2 quokkas
  4 bats
  3 frilled lizards
  2 kobolds
  4 rats
89 creatures vanquished.

Notes
Turn   | Place    | Note
-------+----------+-------------------------------------------
     0 | D:1      | Crownlay the Minotaur Monk began the quest for the Orb.
     0 | D:1      | Reached XP level 1. HP: 19/19 MP: 0/0
    27 | D:1      | Reached skill level 4 in Polearms
   178 | D:1      | You fall into a shaft and drop 1 floor!
   185 | D:2      | Reached XP level 2. HP: 26/26 MP: 1/1
   408 | D:1      | Reached skill level 5 in Polearms
   438 | D:1      | Reached XP level 3. HP: 26/31 MP: 2/2
  1166 | D:1      | Upgraded the game from 0.31-a0-879-g1609e0ac53 to
                  | 0.31-a0-1025-g2e47921a08
  1271 | D:3      | Reached skill level 6 in Polearms
  1271 | D:3      | Reached XP level 4. HP: 39/39 MP: 3/3
  1313 | D:3      | Identified the +3 whip of Riding Dismemberment {flame,
                  | *Rage Will+++ Int+5}
  1997 | D:4      | Reached XP level 5. HP: 38/45 MP: 4/4
  2000 | D:4      | Reached skill level 7 in Polearms
  2061 | D:4      | Reached skill level 8 in Polearms
  2061 | D:4      | Reached XP level 6. HP: 40/51 MP: 5/5
  2368 | D:4      | Found a stormy altar of Qazlal.
  2372 | D:4      | Found a bloodstained altar of Trog.
  2380 | D:4      | Became a worshipper of Qazlal Stormbringer
  2380 | D:4      | Reached * piety under Qazlal
  2380 | D:4      | Reached ** piety under Qazlal
  2529 | D:4      | Found Leweeph's Vocational Training.
  2605 | D:4      | Found a shimmering blue altar of Sif Muna.
  2610 | D:4      | Found a sacrificial altar of Ru.
  2739 | D:5      | Entered Level 5 of the Dungeon
  2756 | D:5      | Reached skill level 1 in Invocations
  3065 | D:5      | Reached skill level 9 in Polearms
  3145 | D:5      | Reached XP level 7. HP: 56/57 MP: 7/7
  3317 | D:5      | Reached skill level 10 in Polearms
  3837 | D:6      | Noticed a troll
  3845 | D:6      | Slain by a troll

Illustrated notes

Levels and vault maps discovered:
D:1:      psy_arrival_whirlpool, layout_rooms
D:2:      layout_basic
D:3:      layout_basic
D:4:      layout_loops_ring, grunt_temple_overflow_open, minitemple,
          nicolae_shop_vocational
D:5:      layout_basic, patterned_corridor
D:6:      layout_loops_ring, xom_confusion_cloud, grunt_decor_one_mirror,
          nicolae_grassy_gnolls

Skill      XL: |  1  2  3  4  5  6  7 |
---------------+----------------------+-----
Polearms       | 4 5 6 8 9 10 | 10.2
Invocations    | 1 3 |  3.1
Fighting       | |  3.6
Dodging        | |  3.2

Action                     |  1- 3 |  4- 6 |  7- 9 || total
---------------------------+-------+-------+-------++-------
  Melee: Spear             |    70 |    19 |    51 ||   140
         Headbutt          |    10 |    17 |     7 ||    34
         Trident           |     9 |    82 |       ||    91
    Use: Scroll            |       |     1 |     1 ||     2
 Armour: Robe              |    18 |    33 |    15 ||    66
  Dodge: Dodged            |    19 |    29 |    15 ||    63

Table legend: (Time is in decaauts)
 A = Elapsed time spent in this place.
 B = Non-inter-level travel time spent in this place.
 C = Inter-level travel time spent in this place.
 D = Time resting spent in this place.
 E = Time spent auto-exploring this place.
 F = Levels seen in this place.
 G = Mean time per level.
                   A        B        C        D        E       F      G
               +--------+--------+--------+--------+--------+-----+--------+
         Total |   3803 |   3693 |    110 |      0 |   3232 |   6 |  633.8 |
       Dungeon |   3803 |   3693 |    110 |      0 |   3232 |   6 |  633.8 |
               +--------+--------+--------+--------+--------+-----+--------+

Top non-repeatable levels by time:
     D:5: 1061 daAuts
     D:3: 780 daAuts
     D:4: 767 daAuts
     D:2: 638 daAuts
     D:1: 539 daAuts
     D:6: 16 daAuts
